 Dungeon Sprint DCSS version 0.29.1-2-gbd0b4ee654 (webtiles) character file.

Game seed: 2177176495340133259

1271 Groucho the Unseen (level 8, -19/38 HPs)
             Began as a Spriggan Enchanter on Nov 16, 2022.
             Was an Initiate of Dithmenos.
             Demolished by a death yak (24 damage)
             ... in the Dungeon (Sprint II: "The Violet Keep of Menkaure").
             The game lasted 00:04:49 (265 turns).

Groucho the Unseen (Spriggan Enchanter)              Turns: 265, Time: 00:04:49

Health: -19/38     AC:  2    Str:  6    XL:     8   Next: 28%
Magic:  18/21      EV: 18    Int: 17    God:    Dithmenos [......]
Gold:   67         SH:  0    Dex: 15    Spells: 11/24 levels left

rFire   . . .      SeeInvis +   a - +1 dagger
rCold   . . .      Faith    .   (no shield)
rNeg    + . .      Spirit   .   b - +0 robe
rPois   +          Reflect  .   (helmet restricted)
rElec   .          Harm     .   (no cloak)
rCorr   .          Rampage  .   (gloves unavailable)
Will    +....      NoTele   +   (boots unavailable)
Stlth   ++++++....              (no amulet)
HPRegen 0.12/turn               f - ring "Assydow" {Fly rPois rN+}
MPRegen 0.17/turn               (no ring)

@: confusing by touch, flying, very quick
A: very small, no large weapons, unfitting armour, see invisible, speed 3
a: Renounce Religion


You were in the Dungeon.
You worshipped Dithmenos.
Dithmenos was noncommittal.
You visited 1 branch You collected 972 gold pieces.
You spent 905 gold pieces at shops.

Inventory:

Hand Weapons
 a - a +1 dagger (weapon)
Armour
 b - a +0 robe (worn)
Jewellery
 f - the ring "Assydow" (left hand) {Fly rPois rN+}
   (You bought it in a shop in the Dungeon)

   [ring of flight]

   rPois:     It protects you from poison.
   rN:        It protects you from negative energy.
   Fly:       It grants you flight.
Scrolls
 i - a scroll of blinking
Potions
 c - a potion of invisibility
 d - a potion of curing
 g - 2 potions of magic
 h - a potion of berserk rage


   Skills:
 + Level 1.7 Fighting
 + Level 2.7 Short Blades
 + Level 4.2 Dodging
 - Level 17.0 Stealth
 + Level 8.8 Spellcasting
 - Level 15.0 Hexes


You had 11 spell levels left.
You knew the following spells:

 Your Spells              Type           Power      Damage    Failure   Level
a - Ensorcelled Hibernat  Hex/Ice        66%        N/A       1%          2
b - Confusing Touch       Hex            55%        N/A       1%          3
c - Dazzling Flash        Conj/Hex       66%        N/A       1%          3
d - Tukima's Dance        Hex            55%        N/A       1%          3
e - Passwall              Tmut/Erth      5%         N/A       14%         2

Your spell library contained the following spells:

 Spells                   Type           Power      Damage    Failure   Level
 Swiftness                Air            7%         N/A       28%         3
 Iskenderun's Battlesphe  Conj           7%         2d6       95%         5
 Orb of Destruction       Conj           3%         9d5       100%        7


Dungeon Overview and Level Annotations

Branches:
Dungeon (1/1)

Altars:
Cheibriados
Dithmenos
Elyvilon
Fedhas
Gozag
Hepliaklqana
Kikubaaqudgha
Makhleb
Nemelex Xobeh
Okawaru
Qazlal
Ru
Sif Muna
Trog
Uskayaw
Vehumet
Wu Jian
Xom
Yredelemnul
Zin
The Shining One
Jiyva
Lugonu

Shops:
D ?:*?!=:([*[!=[*

Annotations:
D exclusion: oklob plant


Innate Abilities, Weirdness & Mutations

You are very small and have problems with some larger weapons.
You are too small for most types of armour.
You have supernaturally acute eyesight. (SInv)
You cover ground extremely quickly. (Speed+++)


Message History

Found a sparkling altar of Nemelex Xobeh and a blossoming altar of Fedhas.
You reach down and open the door.
Found four items.
Found four altars.
There is an open door here.
Found six items.
Found a roughly hewn altar of Beogh.
Found 2 yellow potions, a scroll labelled HEIGIDW KOAX and a mace.
There is a basalt altar of Yredelemnul here.
There is a shimmering blue altar of Sif Muna here.
There is a shadowy altar of Dithmenos here.
You hover solemnly before the altar of Dithmenos.
Dithmenos welcomes you!
There is an ancient bone altar of Kikubaaqudgha here.
Found 15 gold pieces.
There is an open door here.
As you open the door, it creaks loudly!
A death yak comes into view.
The death yak bellows!
The death yak moves out of view.
Found 2 fizzy clear potions.
Found a trident and 81 gold pieces.
The death yak completely misses you.
There is an open door here.
Casting: Ensorcelled Hibernation (safe; 1% risk of failure)
Confirm with . or Enter, or press ? or * to list all spells.
Aiming: Ensorcelled Hibernation (safe; 1% risk of failure)
Press: ? - help, Shift-Dir - straight line, f - death yak
Aim: a death yak (chance to affect: 6%)
Okay, then.
Casting: Ensorcelled Hibernation (safe; 1% risk of failure)
Confirm with . or Enter, or press ? or * to list all spells.
Your hands begin to glow red.
You completely miss the death yak. The death yak gores you!!
Ouch! That really hurt!
* * * LOW HITPOINT WARNING * * *
You feel much better. The death yak gores you!!
* * * LOW HITPOINT WARNING * * *
You are too injured to fight recklessly!
You are too injured to fight recklessly!
You hit the death yak but do no damage. The death yak gores you!!
Ouch! That really hurt!
You die...

+++# .. ... .. .##+##.. #.
##.#.##.#### +.### #.†#.†#
...# ^..# ##...####..#####..#
(([ ###'###.##..#.!Y..# ▓!$?()
###.##.#.#..#$)#@.# ▓!?=$?
.'.<.'###'..####^.### ▓?$)[!$
###.##.#.#....###...##▓▓▓▓▓▓▓
###'###.##......~~~~~~~~~~~~~
##...####~~.....~#'########+##
#..#).#~~~~~~~..~#..._._._#§§~
##...##~~§§§~~~.~#_._._._.#~§≈
~##+##~~~≈§§~§~~~#._._._._#§§~
~~ ~~~~~~≈≈≈§~~~#_._._._.#§§S


You could see a death yak.

Vanquished Creatures
  A merfolk siren (D)
  2 wyverns (D)
  2 water moccasins (D)
  4 necrophages (D)
  4 scorpions (D)
13 creatures vanquished.

Vanquished Creatures (others)
  Menkaure (D)
1 creature vanquished.

Grand Total: 14 creatures vanquished

Notes
Turn   | Place    | Note
-------+----------+-------------------------------------------
     0 | D        | Groucho the Spriggan Enchanter began the quest for the Orb.
     0 | D        | Reached XP level 1. HP: 9/9 MP: 5/5
     3 | D        | Noticed a scorpion
     3 | D        | Noticed a scorpion
     5 | D        | Noticed a scorpion
     5 | D        | Noticed a scorpion
     6 | D        | Killed a scorpion
     7 | D        | Reached skill level 8 in Stealth
     7 | D        | Reached XP level 2. HP: 13/13 MP: 5/8
     7 | D        | Reached XP level 3. HP: 16/16 MP: 6/10
     8 | D        | Killed a scorpion
     9 | D        | Reached skill level 10 in Stealth
     9 | D        | Reached skill level 5 in Spellcasting
     9 | D        | Reached XP level 4. HP: 21/21 MP: 6/12
     9 | D        | Killed a scorpion
    10 | D        | Reached skill level 11 in Stealth
    10 | D        | Reached XP level 5. HP: 24/24 MP: 6/14
    13 | D        | Reached skill level 12 in Stealth
    22 | D        | Reached skill level 13 in Stealth
    22 | D        | Reached skill level 10 in Hexes
    22 | D        | Reached XP level 6. HP: 28/28 MP: 6/17
    25 | D        | Reached skill level 14 in Stealth
    33 | D        | Noticed a wyvern
    33 | D        | Noticed a wyvern
    36 | D        | Killed a wyvern
    37 | D        | Reached skill level 15 in Stealth
    37 | D        | Reached XP level 7. HP: 32/32 MP: 8/19
    39 | D        | Killed a wyvern
    40 | D        | Reached skill level 16 in Stealth
    43 | D        | Noticed a merfolk siren
    46 | D        | Killed a merfolk siren
    47 | D        | Reached skill level 17 in Stealth
    47 | D        | Reached skill level 15 in Hexes
    47 | D        | Reached XP level 8. HP: 36/36 MP: 8/21
    54 | D        | Found Logexius's Distillery.
    54 | D        | Found Pexysaoh's Antique Armour Boutique.
    54 | D        | Found Ikhlosket's Antique Armour Shop.
    55 | D        | Found Geff's Assorted Antiques.
    55 | D        | Found Zaumaeg's General Store.
    55 | D        | Found Soovouga's Antique Armour Boutique.
    55 | D        | Found Esmom's Antique Weapon Shop.
    56 | D        | Found Apicwean's Jewellery Shop.
    56 | D        | Found Culocets's Book Boutique.
    56 | D        | Found Diukkur's Jewellery Boutique.
    56 | D        | Found Igradimi's Distillery.
    56 | D        | Noticed a slime creature
    61 | D        | Reached skill level 1 in Fighting
    64 | D        | Learned a level 2 spell: Ensorcelled Hibernation
    68 | D        | Learned a level 3 spell: Confusing Touch
    72 | D        | Learned a level 3 spell: Dazzling Flash
    73 | D        | Killed Menkaure
    76 | D        | Learned a level 3 spell: Tukima's Dance
    78 | D        | Found Hivaxi's Magic Scroll Boutique.
    78 | D        | Found Zitebel's Assorted Antiques.
    78 | D        | Noticed a slime creature
    78 | D        | Noticed a slime creature
    78 | D        | Noticed an oklob plant
    90 | D        | Found Plog's Book Shoppe.
    90 | D        | Found Louleibi's Magic Scroll Boutique.
    91 | D        | Noticed a shining eye
    92 | D        | Noticed a shining eye
    92 | D        | Noticed a shining eye
    94 | D        | Bought the ring "Assydow" {Fly rPois rN+} for 329 gold
                  | pieces
    96 | D        | Noticed a flying skull
    96 | D        | Noticed a flying skull
    97 | D        | Noticed a flying skull
    97 | D        | Noticed a flying skull
   171 | D        | Bought a book of Burglary for 240 gold pieces
   171 | D        | Bought Vyicaunt's Directory of Blasts for 336 gold pieces
   174 | D        | Learned a level 2 spell: Passwall
   232 | D        | Found a glowing golden altar of the Shining One.
   232 | D        | Found an ornate altar of the Wu Jian Council.
   233 | D        | Found a shimmering altar of Xom.
   234 | D        | Found a basalt altar of Yredelemnul.
   234 | D        | Found a shimmering blue altar of Sif Muna.
   234 | D        | Found a sacrificial altar of Ru.
   235 | D        | Found a glowing silver altar of Zin.
   235 | D        | Found a bloodstained altar of Trog.
   235 | D        | Found an ancient bone altar of Kikubaaqudgha.
   235 | D        | Found a stormy altar of Qazlal.
   235 | D        | Found a viscous altar of Jiyva.
   236 | D        | Found a hide-covered altar of Uskayaw.
   236 | D        | Found a corrupted altar of Lugonu.
   236 | D        | Found a shadowy altar of Dithmenos.
   237 | D        | Found a radiant altar of Vehumet.
   237 | D        | Found a burning altar of Makhleb.
   237 | D        | Found a white marble altar of Elyvilon.
   238 | D        | Found a sparkling altar of Nemelex Xobeh.
   238 | D        | Found a blossoming altar of Fedhas.
   240 | D        | Found an iron altar of Okawaru.
   240 | D        | Found an opulent altar of Gozag.
   240 | D        | Found a hazy altar of Hepliaklqana.
   240 | D        | Found a snail-covered altar of Cheibriados.
   248 | D        | Became a worshipper of Dithmenos the Shadowed
   259 | D        | Noticed a death yak
   265 | D        | Demolished by a death yak

Illustrated notes

Levels and vault maps discovered:
D:        the_violet_keep_of_menkaure [sprint2_stairs_cluster_1,
          sprint2_shoproom, sprint2_temple, sprint2_basic_supplies,
          sprint2_obstacle_4, sprint2_obstacle_2, sprint2_obstacle_3,
          sprint2_obstacle_1, sprint2_obstacle_5, sprint2_timed_cluster_1,
          sprint2_smallroom_cluster_1, sprint2_smallroom_final_cluster_1,
          sprint2_transparent_cluster_1, sprint2_second_timed_cluster_1,
          sprint2_sniper_area_1, sprint2_heavy_combat_area_1,
          sprint2_mutation_trap_area_1, sprint2_forest_area_1,
          sprint2_light_combat_area_1, sprint2_behind_water_1,
          sprint2_near_end_vault_1]

Skill      XL: |  1  2  3  4  5  6  7  8 |
---------------+-------------------------+-----
Stealth        | 8 10 11 13 15 17 | 17.0
Spellcasting   | 4 5 6 7 8 |  8.8
Hexes          | 6 7 8 10 12 15 | 15.0
Fighting       | 1 |  1.7
Short Blades   | 2 |  2.7
Dodging        | 4 |  4.2

Action                   |  1- 3 |  4- 6 |  7- 9 || total
-------------------------+-------+-------+-------++-------
Melee: Dagger            |     2 |     7 |     6 ||    15
 Cast: Confusing Touch   |       |       |     1 ||     1
       Ensorcelled Hiber |       |       |     1 ||     1
  Use: Potion            |     2 |       |     1 ||     3
 Stab: Sleeping          |     2 |     6 |     3 ||    11
       Invisible         |       |     1 |     1 ||     2
Dodge: Dodged            |     1 |       |     4 ||     5
